 Dungeon Crawl Stone Soup version 0.30.1-11-g7821555f0a (webtiles) character file.

Game seed: 17252487249871849188

5461 hawla the Arsonist (level 11, -13/80 HPs)
             Began as a Meteoran Fire Elementalist on Nov 24, 2023.
             Mangled by a cane toad (15 damage)
             ... on level 1 of the Lair of Beasts on Nov 25, 2023.
             The game lasted 00:23:12 (3955 turns).

hawla the Arsonist (Meteoran Fire Elementalist)     Turns: 3955, Time: 00:23:12

Health: -13/80     AC:  9    Str: 11    XL:     11   Next: 19%
Magic:  13/24      EV: 13    Int: 21    God:
Gold:   792        SH:  0    Dex: 12    Spells: 15/27 levels left

rFire   . . .        u - +0 quick blade
rCold   . . .        (no shield)
rNeg    . . .        a - +0 robe
rPois   .            b - +2 hat
rElec   .            f - +0 cloak
rCorr   .            i - +0 pair of gloves
SInv    .            m - +2 pair of boots
Will    +....        (no amulet)
Stlth   +            (no ring)
HPRegen 0.33/turn    (no ring)
MPRegen 0.19/turn

%: no passive effects
@: glowing
A: sense surroundings 2, otherworldly, glowing, explore regen, clumsy 1
a: no special abilities


You were on level 1 of the Lair of Beasts.
You visited 3 branches of the dungeon, and saw 10 of its levels.
You also visited: Sewer.

You collected 934 gold pieces.
You spent 142 gold pieces at shops.

Inventory:

Hand Weapons
 k - a -2 triple sword
 n - a -3 demon blade
 u - a +0 quick blade (weapon)
Armour
 a - a +0 robe (worn)
 b - a +2 hat (worn)
 f - a +0 cloak (worn)
 i - a +0 pair of gloves (worn)
 m - a +2 pair of boots (worn)
Jewellery
 l - an amulet of regeneration
Wands
 r - a wand of mindburst (13) (quivered)
 w - a wand of flame (30)
Scrolls
 h - 2 scrolls of identify
 j - 2 scrolls of teleportation
 s - 2 scrolls of enchant weapon
Potions
 c - 6 potions of haste
 d - a potion of resistance {unknown}
 e - a potion of flight
 g - 2 potions of curing
 o - 2 potions of might {unknown}
 p - a potion of mutation
 q - a potion of cancellation {unknown}
 t - a potion of magic


   Skills:
 + Level 2.5 Fighting
 * Level 0.9(1.5) Short Blades
 + Level 2.1(2.3) Long Blades
 + Level 4.5 Dodging
 - Level 1.4 Stealth
 + Level 8.5 Spellcasting
 + Level 6.3 Conjurations
 + Level 7.1 Necromancy
 + Level 9.2 Fire Magic
 + Level 7.9 Earth Magic
 + Level 3.2 Evocations


You had 15 spell levels left.
You knew the following spells:

 Your Spells              Type           Power      Damage    Failure   Level
a - Foxfire               Conj/Fire      100%       2x1d9     1%          1
b - Scorch                Fire           94%        2d9       1%          2
c - Flame Wave            Conj/Fire      41%        2d11      3%          4
d - Borgnjor's Vile Clut  Necr/Erth      20%        N/A       10%         5

Your spell library contained the following spells:

 Spells                   Type           Power      Damage    Failure   Level
 Inner Flame              Hex/Fire       28%        N/A       3%          3
 Volatile Blastmotes      Fire/Tloc      56%        2d14      3%          3
 Leda's Liquefaction      Hex/Erth       12%        N/A       14%         4
 Call Canine Familiar     Summ           8%         N/A       22%         3
 Portal Projectile        Hex/Tloc       16%        N/A       22%         3
 Manifold Assault         Tloc           8%         N/A       58%         4
 Alistair's Intoxication  Tmut/Pois      5%         N/A       91%         5
 Dispersal                Tloc           4%         N/A       100%        6
 Eringya's Noxious Bog    Tmut/Pois      4%         N/A       100%        6
 Disjunction              Tloc           4%         N/A       100%        8


Dungeon Overview and Level Annotations

Branches:
Dungeon (9/15) Zot: 1389   Temple (1/1) D:5 Zot: 504    Lair (1/5) D:8 Zot: 581
  Sewer (visited)
    Orc: D:9-12

Altars:
Ashenzari
Cheibriados
Dithmenos
Elyvilon
Makhleb
Okawaru
Qazlal
Ru
Sif Muna
Uskayaw
Wu Jian
Xom
Zin
The Shining One

Shops:
D:4 *

Portals:
Abyss: D:4

Annotations:
D:7 Dowan
D:8 Erica, Grum


Innate Abilities, Weirdness & Mutations

You passively map the area around you.
You are easily found by Zot.
You glow in the dark.
You regain HP and MP as you explore.
You are clumsy. (Dex -2)


Message History

The cane toad stings you!!
You are poisoned.
The cane toad poisons you! The cane toad stings you!
You are more poisoned.
The cane toad poisons you!
A cane toad comes into view.
A wave of flame ripples out!
The flame wave engulfs the cane toad!
The cane toad is moderately wounded.
You feel extremely sick.
The cane toad gives a loud, deep croak!
The cane toad misses you.
Casting: Flame Wave (dangerous; 3% risk of failure)
Confirm with . or Enter, or press ? or * to list all spells.
Flames lash the cane toad.
The cane toad is moderately wounded.
The cane toad's fire resistance burns away.
You feel very sick.
The cane toad stings you but does no damage.
Casting: Scorch (safe; 1% risk of failure)
Confirm with . or Enter, or press ? or * to list all spells.
Flames lash the cane toad.
The cane toad is burned terribly!
The cane toad is severely wounded.
You feel very sick.
The cane toad stings you but does no damage.
Unknown command.
Casting: Scorch (safe; 1% risk of failure)
Confirm with . or Enter, or press ? or * to list all spells.
Casting: Flame Wave (dangerous; 3% risk of failure)
Press: ? - help, Dir - look around, f - activate A wave of flame ripples out!
The flame wave engulfs the cane toad!
The cane toad is burned terribly!
The cane toad is almost dead. (Press . to intensify the flame waves.)
You feel very sick. The cane toad stings you!!
* * * LOW HITPOINT WARNING * * *
You feel better. The cane toad stings you!
* * * LOW HITPOINT WARNING * * *
The cane toad stings you!
You die...

,,,.##* *** *,,, **#...#* *#.###
***, *P.....####* *....#**** **
........P#.* *#.....,,,**** *
..........### *......,,,,,,* *
............## *#!.....,,,,,,* *
.............###*.......,,,,,,***
............#..##F......,,,,,,,*,
............##..@.F.....,,,,,,*,,
...........#####........,,,,,*,,,
..........## ##.......,,,,,*,**
......<...# *#...$..,,,,*,,*
.........## *##....,,,,*,**
........## *##..,,,*,,* .......##
*** **.,,,,,**** .......#
*,********,,,,,*,* ....(..#
**,,,,,***,,,*,,,,*


You could see 2 cane toads.

Vanquished Creatures
  The ghost of Mig the Slicer, a novice VSFi (D:8)
  Pikel (D:6)
  Joseph (D:8)
  Psyche (D:8)
  A spectral unseen horror (D:7)
  2 unseen horror skeletons (D:7)
  The ghost of middlethird the Magician, an amateur VSEE of Cheibriados (D:4)
  A wyvern (D:8)
  A steam dragon (D:6)
  Menkaure (D:6)
  An acid dragon (D:8)
  2 water moccasins (D:5)
  Duvessa (D:7)
  2 black bears
  An orc warrior (D:7)
  An ice beast (D:6)
  2 sky beasts
  2 wolves (D:8)
  A centaur (D:5)
  2 ogres
  2 lemures (D:6)
  2 kobold brigands
  A small abomination (D:4)
  4 bullfrogs
  A scorpion (D:4)
  4 wights (D:6)
  2 jellies
  A sleepcap (D:6)
  6 iguanas
  3 orc wizards
  A howler monkey zombie (D:7)
  4 gnolls (D:6)
  6 adders
  6 river rats (Sewer)
  A shadow imp (D:5)
  2 ufetubi (D:4)
  2 worms
  2 dart slugs
  15 orcs
  2 bats (D:2)
  6 endoplasms
  2 giant cockroaches (D:4)
  A goblin (D:2)
  2 hobgoblins
  17 kobolds (Sewer)
  A quokka (D:4)
  9 ball pythons
  3 frilled lizards (Sewer)
  16 rats
150 creatures vanquished.

Vanquished Creatures (others)
  146 foxfires
146 creatures vanquished.

Grand Total: 296 creatures vanquished

Notes
Turn   | Place    | Note
-------+----------+-------------------------------------------
     0 | D:1      | hawla the Meteoran Fire Elementalist began the quest for
                  | the Orb.
     0 | D:1      | Reached XP level 1. HP: 14/14 MP: 5/5
   242 | D:1      | Reached XP level 2. HP: 20/20 MP: 4/6
   247 | D:1      | Reached skill level 4 in Fire Magic
   250 | D:1      | Learned a level 2 spell: Scorch
   370 | D:2      | Reached XP level 3. HP: 26/26 MP: 6/8
   423 | D:2      | You fall into a shaft and drop 2 floors!
   430 | D:4      | Noticed a black bear
   436 | D:4      | Killed a black bear
   437 | D:4      | Reached skill level 5 in Fire Magic
   437 | D:4      | Reached XP level 4. HP: 29/33 MP: 1/10
   437 | D:4      | Reached XP level 5. HP: 33/38 MP: 1/11
   442 | D:4      | Learned a level 4 spell: Flame Wave
   451 | D:4      | Found a transporter.
   465 | D:4      | Found a one-way gate to the infinite horrors of the Abyss.
   465 | D:4      | Noticed middlethird's ghost (amateur VSEE)
   474 | D:4      | Found a transporter.
   474 | D:4      | Found Hefaoky's Lightly-Used Armoury.
   493 | D:4      | Bought a -2 triple sword for 1 gold piece
   686 | D:4      | Reached XP level 6. HP: 45/45 MP: 7/12
   688 | D:4      | Noticed an ogre
   692 | D:4      | Killed an ogre
   693 | D:4      | Reached skill level 5 in Conjurations
   868 | D:4      | Reached XP level 7. HP: 41/50 MP: 10/13
  1203 | D:4      | Bought a -3 demon blade for 1 gold piece
  1227 | D:4      | Gained mutation: You are clumsy. (Dex -2) [potion of
                  | mutation]
  1243 | D:4      | Reached skill level 6 in Fire Magic
  1251 | D:4      | Reached skill level 1 in Long Blades
  1434 | D:4      | Killed middlethird's ghost
  1435 | D:4      | Reached skill level 1 in Fighting
  1435 | D:4      | Reached XP level 8. HP: 46/59 MP: 4/15
  1462 | D:5      | Entered Level 5 of the Dungeon
  1507 | D:5      | Reached skill level 5 in Spellcasting
  1602 | D:5      | Found a staircase to the Ecumenical Temple.
  1609 | Temple   | Entered the Ecumenical Temple
  1754 | D:5      | Found a hide-covered altar of Uskayaw.
  1767 | D:5      | Reached skill level 7 in Fire Magic
  2282 | D:4      | Bought a -1 quick blade for 140 gold pieces
  2373 | D:5      | Glimpsed the power of Zot.
  2423 | D:5      | Glimpsed the power of Zot.
  2463 | D:5      | Glimpsed the power of Zot.
  2503 | D:6      | Noticed Menkaure
  2510 | D:6      | Killed Menkaure
  2511 | D:6      | Gained mutation: You passively map the area around you.
                  | [Meteoran growth]
  2511 | D:6      | Reached XP level 9. HP: 36/67 MP: 9/19
  2535 | D:5      | Reached skill level 8 in Fire Magic
  2543 | D:5      | Identified a scroll of acquirement
  2543 | D:5      | Acquired 592 gold pieces
  2553 | D:5      | Learned a level 5 spell: Borgnjor's Vile Clutch
  2663 | D:6      | Reached skill level 1 in Necromancy
  2663 | D:6      | Reached skill level 1 in Earth Magic
  2663 | D:6      | Reached skill level 1 in Evocations
  2894 | D:6      | Noticed Pikel
  2906 | D:6      | Killed Pikel
  2907 | D:6      | Reached skill level 5 in Earth Magic
  2907 | D:6      | Reached XP level 10. HP: 64/73 MP: 4/21
  2949 | D:6      | Found a glowing drain.
  2958 | Sewer    | Entered a sewer
  3057 | Sewer    | Reached skill level 5 in Necromancy
  3421 | D:6      | Glimpsed the power of Zot.
  3446 | D:7      | Found a runed translucent gate.
  3446 | D:7      | Found a runed translucent gate.
  3446 | D:7      | Found a runed translucent gate.
  3452 | D:7      | Noticed Mig's ghost (novice VSFi)
  3452 | D:7      | Noticed a spectral unseen horror
  3462 | D:7      | Noticed Duvessa
  3464 | D:7      | Killed a spectral unseen horror
  3487 | D:7      | Found a broken altar of Ashenzari.
  3652 | D:7      | Noticed Dowan
  3657 | D:7      | Killed Duvessa
  3675 | D:8      | Noticed Erica
  3767 | D:8      | Noticed Psyche
  3775 | D:8      | Killed Psyche
  3787 | D:8      | Noticed Grum
  3795 | D:8      | Reached XP level 11. HP: 36/79 MP: 7/23
  3855 | D:8      | Killed Mig's ghost
  3856 | D:8      | Reached skill level 9 in Fire Magic
  3898 | D:8      | Noticed Joseph
  3912 | D:8      | Killed Joseph
  3922 | D:8      | Found a staircase to the Lair.
  3937 | Lair:1   | Entered Level 1 of the Lair of Beasts
  3955 | Lair:1   | HP: 2/80 [cane toad (16)]
  3955 | Lair:1   | Mangled by a cane toad

Illustrated notes

Levels and vault maps discovered:
D:1:      wander_arrival_lonely_grave, layout_basic, minmay_misc_feat_columns
D:2:      layout_basic
D:4:      layout_basic, gammafunk_ghost_abyssal_escape, minmay_shop_damaged
D:5:      layout_basic, mainiacjoe_overflow_brackets,
          minmay_temple_entry_statues
D:6:      layout_rooms, portal_sewer_entry_d, kennysheep_cross_bottleneck,
          uniq_menkaure, uniq_pikel
D:7:      layout_rooms, nicolae_ashenzari_skybound, gammafunk_ghost_necromancy,
          uniq_duvessa
D:8:      layout_basic, lair_entry_dummy, uniq_erica, uniq_psyche, uniq_grum,
          uniq_joseph
D:9:      layout_basic, grunt_gozag_statues, kennysheep_mini_moat,
          mainiacjoe_overflow_small_starburst, uniq_erolcha, uniq_gastronok
Temple:   nicolae_temple_hex_pool
Lair:1:   layout_cave_pods, lightli_volcano_entry_magma_tube,
          serial_bayou_shore_b, lemuel_fruit_tree

Skill      XL: |  1  2  3  4  5  6  7  8  9 10 11 |
---------------+----------------------------------+-----
Fire Magic     | 4 5 6 7 8 9 |  9.2
Dodging        | 3 4 |  4.5
Spellcasting   | 3 4 6 7 8 |  8.5
Conjurations   | 3 5 6 |  6.3
Long Blades    | 1 2 |  2.1
Fighting       | 1 2 |  2.5
Necromancy     | 4 7 |  7.1
Earth Magic    | 5 7 |  7.9
Evocations     | 3 |  3.2
Short Blades   | |  0.9
Stealth        | |  1.4

Action                     |  1- 3 |  4- 6 |  7- 9 | 10-12 || total
---------------------------+-------+-------+-------+-------++-------
  Melee: Unarmed           |     3 |       |       |       ||     3
         Triple sword      |       |    20 |     1 |       ||    21
         Demon blade       |       |       |    19 |       ||    19
         Quick blade       |       |       |     2 |    36 ||    38
         Punch             |       |       |       |     2 ||     2
   Cast: Foxfire           |    18 |     5 |    29 |    33 ||    85
         Scorch            |     4 |    12 |    45 |    43 ||   104
         Flame Wave        |       |       |     9 |    19 ||    28
         Borgnjor's Vile C |       |       |       |     2 ||     2
  Evoke: Wand              |       |       |       |     4 ||     4
    Use: Scroll            |       |       |    14 |     5 ||    19
         Potion            |       |       |     4 |     2 ||     6
 Armour: Robe              |       |    13 |     9 |    38 ||    60
  Dodge: Dodged            |     4 |    15 |    55 |    70 ||   144
